 Dungeon Crawl Stone Soup version 0.32-a0-597-g8e3e136d6a (webtiles) character file.

Game seed: 9644292650507893555

92 dolemite99 the Cudgeller (level 4, 0/33 HPs)
             Began as a Coglin Gladiator on Mar 2, 2024.
             Was a Follower of Okawaru.
             Slain by a gnoll
             ... wielding a +0 flail
              (1 damage)
             ... on level 3 of the Dungeon.
             The game lasted 00:02:14 (3023 turns).

dolemite99 the Cudgeller (Coglin Gladiator)         Turns: 3023, Time: 00:02:15

Health: 0/33       AC:  5    Str: 16    XL:     4   Next: 60%
Magic:  4/4        EV: 12    Int:  8    God:    Okawaru [*.....]
Gold:   192        SH:  0    Dex: 15    Spells: 3/3 levels left

rFire   . . .        a - +2 flail {Aida}
rCold   . . .        o - +2 hand axe (vamp) {Lin}
rNeg    . . .        b - +0 leather armour
rPois   .            c - +0 helmet
rElec   .            (no cloak)
rCorr   .            p - +0 pair of gloves
SInv    .            (no boots)
Will    .....        (amulet unavailable)
Stlth   +            (ring unavailable)
HPRegen 0.25/turn    (ring unavailable)
MPRegen 0.09/turn    (no gizmo)

%: no passive effects
@: revving
A: off-hand wielding, slow wielding, warmup strikes, no jewellery
a: Invent Gizmo, Renounce Religion, Heroism


You were on level 3 of the Dungeon.
You worshipped Okawaru.
Okawaru was aware of your devotion.
You visited 1 branch of the dungeon, and saw 3 of its levels.

You collected 192 gold pieces.

Inventory:

Hand Weapons
 a - a +2 flail (weapon) {Aida}
 f - a +0 dagger {Belshunu}
 o - a +2 vampiric hand axe (offhand) {Lin}
Missiles
 d - 3 throwing nets (quivered)
 e - a javelin
Armour
 b - a +0 leather armour (worn)
 c - a +0 helmet (worn)
 p - a +0 pair of gloves (worn)
Magical Staves
 k - a staff of conjuration
 n - a staff of cold
Wands
 q - a wand of polymorph (7)
Scrolls
 g - 2 scrolls of vulnerability
 m - a scroll of immolation
Potions
 h - a potion of lignification {unknown}
 i - a potion of berserk rage {unknown}
 l - a potion of ambrosia {unknown}
 r - a potion of attraction


   Skills:
 - Level 2.0 Fighting
 + Level 2.5(3.8) Axes
 - Level 4.0(4.3) Maces & Flails
 - Level 1.7 Throwing
 - Level 2.6 Dodging


You had 3 spell levels left.
You didn't know any spells.
Your spell library contained the following spells:

 Spells                   Type           Power      Damage    Failure   Level
 Magic Dart               Conj           0%         1d3       47%         1
 Slow                     Hex            0%         N/A       47%         1
 Blink                    Tloc           0%         N/A       63%         2
 Call Imp                 Summ           Unusable   N/A       N/A         2

Dungeon Overview and Level Annotations

Branches:
Dungeon (3/15)

Altars:
Elyvilon
Makhleb
Okawaru

Annotations:
D:3 Grinder


Innate Abilities, Weirdness & Mutations

You can wield a second weapon in your off-hand.
It takes a long time for you to wield or remove held weapons.
Your first few attacks do less damage.
You cannot equip rings or amulets.


Message History

You are too injured to fight recklessly!
You are too injured to fight recklessly!
The gnoll attacks as it pursues you! The gnoll barely misses you.
The gnoll attacks as it pursues you!
The gnoll hits you from afar with a +0 halberd.
A gnoll comes into view.
It is wielding a +1 halberd of protection.
The gnoll shouts!
A gnoll comes into view. It is wielding a +0 flail.
A gnoll comes into view.
It is wielding a +0 club and quivering 2 throwing nets.
Blink to where?
Press: ? - help, Dir - move target
As you read the scroll labelled WAXAEMNAULL, it crumbles to dust.
It was a scroll of blinking.
You see here a +0 robe.
There is a stone staircase leading up here.
The gnoll closely misses you.
Grinder blinks!
You closely miss the gnoll with your +2 flail.
You closely miss the gnoll with your +2 vampiric hand axe.
You barely miss Grinder with your +2 vampiric hand axe.
The gnoll hits you with a +0 halberd. Grinder hits you.
The gnoll barely misses you.
You hit the gnoll with your +2 vampiric hand axe.
The gnoll is lightly wounded.
You closely miss Grinder with your +2 vampiric hand axe.
You sock the gnoll with your +2 flail!
You kill the gnoll!
Okawaru accepts your kill. Grinder gestures at you.
Pain shoots through your body!
The gnoll hits you from afar with a +1 halberd of protection.
Grinder barely misses you.
Okay, then.
The gnoll barely misses you.
Grinder blinks!
The gnoll hits you with a +0 flail!
* * * LOW HITPOINT WARNING * * *
There is a stone staircase leading up, spattered with blood here.
Things that are here:
a +0 halberd; a gnoll corpse The gnoll completely misses you.
The gnoll hits you with a +0 flail.
You die...

##.#.#.#.# #.# .#
##.#.#.#.# #.###.# .
#........########...5.##
###....................+
#3#...###########...####
####.## ###..#####
##.### #.ยง......#
#....# #.##.###.#
##.#.## #@##.# #.# #+#
##....# #gg..# #.# #.#
####..#
#..#####.####.####
####..#
#........##.#.#..g
..##..#
#####.#######g#....##
......# #.......#
##.###...# ......#
#.###.#.###.## ##..#
#.##### #.# #.#5##.##
##.# #.# #.# #...g...##
##..#


You could see Grinder and 2 gnolls.

Vanquished Creatures
  A gnoll (D:3)
  4 adders (D:2)
  A dart slug (D:2)
  5 endoplasms (D:2)
  2 giant cockroaches
  3 hobgoblins
  2 quokkas
  7 ball pythons
  3 bats
  3 frilled lizards
  5 goblins
  7 kobolds
  2 rats
45 creatures vanquished.

Notes
Turn   | Place    | Note
-------+----------+-------------------------------------------
     0 | D:1      | dolemite99 the Coglin Gladiator began the quest for the
                  | Orb.
     0 | D:1      | Reached XP level 1. HP: 16/16 MP: 1/1
   217 | D:1      | Reached skill level 3 in Maces & Flails
   247 | D:1      | Reached XP level 2. HP: 22/22 MP: 2/2
   449 | D:1      | Found a faded altar of an unknown god.
   460 | D:1      | Got Plato's Octavo of Hexes
   473 | D:1      | Prayed at the altar of an unknown god.
   473 | D:1      | Became a worshipper of Warmaster Okawaru
   473 | D:1      | Reached * piety under Okawaru
  1022 | D:2      | Reached XP level 3. HP: 25/27 MP: 3/3
  1693 | D:2      | Reached skill level 4 in Maces & Flails
  1984 | D:2      | Reached skill level 1 in Axes
  1993 | D:2      | Reached XP level 4. HP: 28/33 MP: 4/4
  2852 | D:3      | Found a burning altar of Makhleb.
  2852 | D:3      | Noticed a cacodemon
  2855 | D:3      | Noticed a hellwing
  2855 | D:3      | Noticed a smoke demon
  2984 | D:3      | Found a white marble altar of Elyvilon.
  2985 | D:3      | Noticed Grinder
  3022 | D:3      | HP: 1/33 [gnoll/+0 flail (12)]
  3023 | D:3      | Slain by a gnoll

Illustrated notes

Levels and vault maps discovered:
D:1:      matt_arrival_spirals, layout_loops_corners,
          shapermc_ecumenical_altar_rom_forum
D:2:      layout_basic, minmay_diced_spiral
D:3:      layout_loops_corners, zin_academy, makhleb_altar_promises_db,
          nicolae_dithmenos_through_a_glass_darkly,
          mainiacjoe_overflow_chevrons, ebering_ghost_reflecting_pool,
          uniq_grinder

Skill      XL: |  1  2  3  4 |
---------------+-------------+-----
Maces & Flails | 3 4 |  4.0
Axes           | 1 2 |  2.5
Fighting       | |  2.0
Throwing       | |  1.7
Dodging        | |  2.6

Action                     |  1- 3 |  4- 6 || total
---------------------------+-------+-------++-------
  Melee: Flail             |    61 |    19 ||    80
         Dagger            |    42 |       ||    42
         Hand axe          |    19 |    21 ||    40
    Use: Potion            |     3 |       ||     3
         Scroll            |       |     6 ||     6
   Stab: Sleeping          |     1 |     1 ||     2
 Armour: Leather armour    |    41 |    16 ||    57
  Dodge: Dodged            |    46 |    13 ||    59

Table legend: (Time is in decaauts)
 A = Elapsed time spent in this place.
 B = Non-inter-level travel time spent in this place.
 C = Inter-level travel time spent in this place.
 D = Time resting spent in this place.
 E = Time spent auto-exploring this place.
 F = Levels seen in this place.
 G = Mean time per level.
                   A        B        C        D        E       F      G
               +--------+--------+--------+--------+--------+-----+--------+
         Total |   3037 |   2953 |     84 |    960 |   1567 |   3 | 1012.3 |
       Dungeon |   3037 |   2953 |     84 |    960 |   1567 |   3 | 1012.3 |
               +--------+--------+--------+--------+--------+-----+--------+

Top non-repeatable levels by time:
     D:2: 1389 daAuts
     D:1: 1332 daAuts
     D:3: 314 daAuts
